SAA
ATHLETIC CLUB KC ACADEMY @ WESTWOOD SIXSHOOTERS
07/20/2029
 
TOP OF THE 1ST
Athletic Club KC Academy batting - Pitching for Westwood Sixshooters : RHP Ray Mangas
Pitching: RHP Ray Mangas
Batting: RHB Tae-kyun Chon 0-0: Called Strike
0-1: Called Strike
0-2: Strikes out swinging
Batting: RHB Colin Bottone 0-0: Fly out, F4 (Popup, 4)
Batting: LHB Ramón Morterero 0-0: SINGLE (Flyball, 7S)
Batting: RHB Roger Caffyn 0-0: Foul Ball, location: 2F
0-1: Swinging Strike
0-2: Ball
1-2: Ball
2-2: Foul Ball, location: 2F
2-2: Strikes out swinging
Top of the 1st over - 0 runs, 1 hit, 0 errors, 1 left on base; Athletic Club KC Academy 0 - Westwood 0
BOTTOM OF THE 1ST
Westwood Sixshooters batting - Pitching for Athletic Club KC Academy : RHP Ton Jobse
Pitching: RHP Ton Jobse
Batting: RHB Nick Hoskins 0-0: Foul Ball, location: 2F
0-1: SINGLE (Line Drive, 89S)
Batting: RHB Jesús Ruano 0-0: Foul Ball, location: 2F
0-1: Fly out, F5 (Popup, 6S)
Batting: LHB Bob Daugherty 0-0: Foul Ball, location: 2F
0-1: Ball
1-1: Foul Ball, location: 2F
1-2: Strikes out swinging
Batting: RHB Richard Cutshall 0-0: Called Strike
0-1: Ball
1-1: Swinging Strike
1-2: Ball
2-2: Strikes out looking
Bottom of the 1st over - 0 runs, 1 hit, 0 errors, 1 left on base; Athletic Club KC Academy 0 - Westwood 0
TOP OF THE 2ND
Athletic Club KC Academy batting - Pitching for Westwood Sixshooters : RHP Ray Mangas
Batting: LHB Kwang-chih Feng 0-0: SINGLE (Flyball, 9LS)
Batting: RHB Troy Whitehurst 0-0: Ball
1-0: Foul Ball, location: 2F
1-1: Foul Ball, location: 2F
1-2: Ball
2-2: Ball
3-2: Strikes out swinging
Batting: SHB Gerald Merendino 0-0: Ball
1-0: Grounds into double play, 4-6-3 (Groundball, 4)
Top of the 2nd over - 0 runs, 1 hit, 0 errors, 0 left on base; Athletic Club KC Academy 0 - Westwood 0
BOTTOM OF THE 2ND
Westwood Sixshooters batting - Pitching for Athletic Club KC Academy : RHP Ton Jobse
Batting: LHB Phil Minor 0-0: Called Strike
0-1: Ball
1-1: Ball
2-1: Foul Ball, location: 2F
2-2: Foul Ball, location: 2F
2-2: Ball
3-2: Foul Ball, location: 2F
3-2: Base on Balls
Batting: LHB José Vázquez 0-0: Called Strike
0-1: Foul Ball, location: 2F
0-2: Ball
1-2: Strikes out swinging
Batting: RHB Steve Bock 0-0: Ball
1-0: Fly out, F6 (Line Drive, 6)
Batting: LHB José Martínez 0-0: Called Strike
0-1: Foul Ball, location: 2F
0-2: Ball
1-2: Ball
2-2: Foul Ball, location: 2F
2-2: Strikes out swinging
Bottom of the 2nd over - 0 runs, 0 hits, 0 errors, 1 left on base; Athletic Club KC Academy 0 - Westwood 0
TOP OF THE 3RD
Athletic Club KC Academy batting - Pitching for Westwood Sixshooters : RHP Ray Mangas
Batting: RHB Fernando Rodríguez 0-0: SINGLE (Flyball, 7S)
Batting: RHB Dewey Nauss 0-0: Called Strike
0-1: Ball
1-1: Foul Ball, location: 2F
1-2: Ball
2-2: DOUBLE (Flyball, 8LXD)
Fernando Rodríguez to third
Batting: RHB Tae-kyun Chon 0-0: Foul Ball, location: 2F
0-1: Foul Ball, location: 2F
0-2: Ball
1-2: Ball
2-2: Strikes out looking
Batting: RHB Colin Bottone 0-0: Foul Ball, location: 2F
0-1: Ground out 6-3 (Groundball, 6)
Fernando Rodríguez scores
Batting: LHB Ramón Morterero 0-0: DOUBLE (Line Drive, 89D)
Dewey Nauss scores
Batting: RHB Roger Caffyn 0-0: Ball
1-0: Called Strike
1-1: Ball
2-1: Ball
3-1: Base on Balls
Batting: LHB Kwang-chih Feng 0-0: Fly out, F9 (Flyball, 9S)
Top of the 3rd over - 2 runs, 3 hits, 0 errors, 2 left on base; Athletic Club KC Academy 2 - Westwood 0
BOTTOM OF THE 3RD
Westwood Sixshooters batting - Pitching for Athletic Club KC Academy : RHP Ton Jobse
Batting: SHB Manny Flores 0-0: Called Strike
0-1: Foul Ball, location: 2F
0-2: Strikes out swinging
Batting: RHB Nick Hoskins 0-0: Called Strike
0-1: TRIPLE (Flyball, 89XD)
Batting: RHB Jesús Ruano 0-0: Called Strike
0-1: Swinging Strike
0-2: Strikes out swinging
Batting: LHB Bob Daugherty 0-0: Swinging Strike
0-1: Foul Ball, location: 2F
0-2: Strikes out swinging
Bottom of the 3rd over - 0 runs, 1 hit, 0 errors, 1 left on base; Athletic Club KC Academy 2 - Westwood 0
TOP OF THE 4TH
Athletic Club KC Academy batting - Pitching for Westwood Sixshooters : RHP Ray Mangas
Batting: RHB Troy Whitehurst 0-0: Swinging Strike
0-1: Called Strike
0-2: Ball
1-2: Ball
2-2: Ball
3-2: Strikes out looking
Batting: SHB Gerald Merendino 0-0: Foul Ball, location: 2F
0-1: Foul Ball, location: 2F
0-2: Fly out, F7 (Flyball, 78D)
Batting: RHB Fernando Rodríguez 0-0: Swinging Strike
0-1: Ball
1-1: Foul Ball, location: 2F
1-2: Strikes out swinging
Top of the 4th over - 0 runs, 0 hits, 0 errors, 0 left on base; Athletic Club KC Academy 2 - Westwood 0
BOTTOM OF THE 4TH
Westwood Sixshooters batting - Pitching for Athletic Club KC Academy : RHP Ton Jobse
Batting: RHB Richard Cutshall 0-0: Ball
1-0: Called Strike
1-1: DOUBLE (Line Drive, 89M)
Batting: LHB Phil Minor 0-0: Swinging Strike
0-1: Ball
1-1: Swinging Strike
1-2: Ball
2-2: Strikes out swinging
Batting: LHB José Vázquez 0-0: Swinging Strike
0-1: Called Strike
0-2: Ball
1-2: Ball
2-2: Strikes out swinging
Batting: RHB Steve Bock 0-0: Ball
1-0: Called Strike
1-1: Foul Ball, location: 2F
1-2: Strikes out swinging
Bottom of the 4th over - 0 runs, 1 hit, 0 errors, 1 left on base; Athletic Club KC Academy 2 - Westwood 0
TOP OF THE 5TH
Athletic Club KC Academy batting - Pitching for Westwood Sixshooters : RHP Ray Mangas
Batting: RHB Dewey Nauss 0-0: Called Strike
0-1: Ground out 5-3 (Groundball, 56S)
Batting: RHB Tae-kyun Chon 0-0: Foul Ball, location: 2F
0-1: Called Strike
0-2: Ball
1-2: Foul Ball, location: 2F
1-2: Ball
2-2: Ball
3-2: Foul Ball, location: 2F
3-2: DOUBLE (Groundball, 5L)
Batting: RHB Colin Bottone 0-0: Ball
1-0: SINGLE (Line Drive, 7S)
Tae-kyun Chon to third
Runner from 3rd tries for Home, SAFE, throw made home
Colin Bottone to second
Batting: LHB Ramón Morterero 0-0: Intentional Walk
Batting: RHB Roger Caffyn 0-0: Ball
1-0: Ball
2-0: SINGLE (Groundball, 56D)
Colin Bottone to third
Ramón Morterero to second
Batting: LHB Kwang-chih Feng 0-0: Swinging Strike
0-1: Ball
1-1: Foul Ball, location: 2F
1-2: Foul Ball, location: 2F
1-2: Strikes out looking
Batting: RHB Troy Whitehurst 0-0: SINGLE (Flyball, 9S)
Colin Bottone scores
Ramón Morterero to third
Roger Caffyn to second
Batting: SHB Gerald Merendino 0-0: Called Strike
0-1: Swinging Strike
0-2: Ball
1-2: Foul Ball, location: 2F
1-2: Ball
2-2: SINGLE (Groundball, 34D)
Ramón Morterero scores
Roger Caffyn to third
Troy Whitehurst to second
Runner from 3rd tries for Home, SAFE, no throw
Pitching: RHP Antoine Ayuso
Batting: RHB Fernando Rodríguez 0-0: Ball
1-0: Foul Ball, location: 2F
1-1: Ball
2-1: Ground out 4-3 (Groundball, 4)
Top of the 5th over - 4 runs, 5 hits, 0 errors, 2 left on base; Athletic Club KC Academy 6 - Westwood 0
BOTTOM OF THE 5TH
Westwood Sixshooters batting - Pitching for Athletic Club KC Academy : RHP Ton Jobse
Batting: LHB José Martínez 0-0: Called Strike
0-1: Ball
1-1: Foul Ball, location: 2F
1-2: Ball
2-2: Ball
3-2: Foul Ball, location: 2F
3-2: Base on Balls
Batting: SHB Manny Flores 0-0: Foul Ball, location: 2F
0-1: Foul Ball, location: 2F
0-2: Ball
1-2: Ball
2-2: Ball
3-2: Base on Balls
José Martínez to second
Batting: RHB Nick Hoskins 0-0: Grounds into double play, 4-6-3 (Groundball, 4M)
José Martínez to third
Batting: RHB Jesús Ruano 0-0: Ball
1-0: Ground out 5-3 (Groundball, 5L)
Bottom of the 5th over - 0 runs, 0 hits, 0 errors, 1 left on base; Athletic Club KC Academy 6 - Westwood 0
TOP OF THE 6TH
Athletic Club KC Academy batting - Pitching for Westwood Sixshooters : RHP Antoine Ayuso
Batting: RHB Dewey Nauss 0-0: Swinging Strike
0-1: Ball
1-1: Ball
2-1: Swinging Strike
2-2: Ball
3-2: SINGLE (Line Drive, 78S)
Batting: RHB Tae-kyun Chon 0-0: Ball
1-0: Fly out, F4 (Line Drive, 4M)
Batting: RHB Colin Bottone 0-0: Foul Ball, location: 2F
0-1: Called Strike
0-2: SINGLE (Line Drive, 7S)
Dewey Nauss to second
Batting: LHB Ramón Morterero 0-0: Ball
1-0: Fly out, F3 (Popup, 34S)
Batting: RHB Roger Caffyn 0-0: Ball
1-0: Fly out, F8 (Flyball, 8LD)
Top of the 6th over - 0 runs, 2 hits, 0 errors, 2 left on base; Athletic Club KC Academy 6 - Westwood 0
BOTTOM OF THE 6TH
Westwood Sixshooters batting - Pitching for Athletic Club KC Academy : RHP Ton Jobse
Batting: LHB Bob Daugherty 0-0: Ball
1-0: Foul Ball, location: 2F
1-1: SINGLE (Groundball, 4) (infield hit)
Batting: RHB Richard Cutshall 0-0: Foul Ball, location: 2F
0-1: Ball
1-1: Called Strike
Bob Daugherty steals 2nd base
1-2: Foul Ball, location: 2F
1-2: Fly out, F4 (Popup, 4S)
Pitching: RHP Bruce Holloman
Batting: LHB Phil Minor 0-0: Foul Ball, location: 2F
0-1: Ball
1-1: Ball
2-1: Foul Ball, location: 2F
2-2: Strikes out swinging
Batting: LHB José Vázquez 0-0: Called Strike
0-1: Ball
1-1: Foul Ball, location: 2F
1-2: Foul Ball, location: 2F
1-2: Ball
2-2: Ball
3-2: Foul Ball, location: 2F
3-2: DOUBLE (Groundball, 5L)
Bob Daugherty scores
Batting: RHB Steve Bock 0-0: Ground out 6-3 (Groundball, 6)
Bottom of the 6th over - 1 run, 2 hits, 0 errors, 1 left on base; Athletic Club KC Academy 6 - Westwood 1
TOP OF THE 7TH
Athletic Club KC Academy batting - Pitching for Westwood Sixshooters : RHP Antoine Ayuso
Batting: LHB Kwang-chih Feng 0-0: Foul Ball, location: 2F
0-1: Swinging Strike
0-2: Ball
1-2: Ball
2-2: Ball
3-2: Base on Balls
Batting: RHB Troy Whitehurst 0-0: Ball
1-0: Fly out, F9 (Flyball, 89S)
Batting: SHB Gerald Merendino 0-0: Ball
1-0: Grounds into double play, 4-6-3 (Groundball, 34)
Top of the 7th over - 0 runs, 0 hits, 0 errors, 0 left on base; Athletic Club KC Academy 6 - Westwood 1
BOTTOM OF THE 7TH
Westwood Sixshooters batting - Pitching for Athletic Club KC Academy : RHP Bruce Holloman
Now in RF: Arturo Annunziato
Batting: LHB José Martínez 0-0: Ball
1-0: Called Strike
1-1: Ball
2-1: Fly out, F8 (Flyball, 8RM)
Batting: SHB Manny Flores 0-0: Ground out 4-3 (Groundball, 4)
Batting: RHB Nick Hoskins 0-0: Ball
1-0: Ball
2-0: Called Strike
2-1: Ball
3-1: Base on Balls
Batting: RHB Jesús Ruano 0-0: Ball
Nick Hoskins steals 2nd base
1-0: Called Strike
1-1: Swinging Strike
1-2: Foul Ball, location: 2F
1-2: Foul Ball, location: 2F
1-2: Ball
2-2: Foul Ball, location: 2F
2-2: Strikes out swinging
Bottom of the 7th over - 0 runs, 0 hits, 0 errors, 1 left on base; Athletic Club KC Academy 6 - Westwood 1
TOP OF THE 8TH
Athletic Club KC Academy batting - Pitching for Westwood Sixshooters : RHP Antoine Ayuso
Batting: RHB Fernando Rodríguez 0-0: Ball
1-0: Ball
2-0: Fly out, F9 (Line Drive, 9S)
Batting: RHB Dewey Nauss 0-0: Called Strike
0-1: Swinging Strike
0-2: Strikes out swinging
Batting: RHB Tae-kyun Chon 0-0: Foul Ball, location: 2F
0-1: Called Strike
0-2: Strikes out swinging
Top of the 8th over - 0 runs, 0 hits, 0 errors, 0 left on base; Athletic Club KC Academy 6 - Westwood 1
BOTTOM OF THE 8TH
Westwood Sixshooters batting - Pitching for Athletic Club KC Academy : RHP Bruce Holloman
Now at C: Miguel Rodríguez
Now at 2B: Roberto Romero
Now in LF: Takayuki Yoshikawa
Batting: LHB Bob Daugherty 0-0: Ball
1-0: Ball
2-0: Ball
3-0: Called Strike
3-1: Base on Balls
Batting: RHB Richard Cutshall 0-0: Ball
1-0: Ball
2-0: Fly out, F8 (Flyball, 78D)
Batting: LHB Phil Minor 0-0: Ball
1-0: Foul Ball, location: 2F
1-1: Foul Ball, location: 2F
1-2: Ball
2-2: Fly out, F9 (Flyball, 9LSF)
Batting: LHB José Vázquez 0-0: Foul Ball, location: 2F
0-1: Called Strike
0-2: Ball
1-2: Fly out, F8 (Line Drive, 78M)
Bottom of the 8th over - 0 runs, 0 hits, 0 errors, 1 left on base; Athletic Club KC Academy 6 - Westwood 1
TOP OF THE 9TH
Athletic Club KC Academy batting - Pitching for Westwood Sixshooters : RHP Antoine Ayuso
Batting: RHB Roberto Romero 0-0: Ball
1-0: Ground out 6-3 (Groundball, 6)
Batting: LHB Ramón Morterero 0-0: Ball
1-0: Ball
2-0: DOUBLE (Flyball, 8RXD)
Batting: RHB Roger Caffyn 0-0: Ball
1-0: SINGLE (Groundball, 56S) (infield hit)
Ramón Morterero to third
Batting: LHB Kwang-chih Feng 0-0: Ball
1-0: Foul Ball, location: 2F
1-1: Called Strike
1-2: Strikes out swinging
Batting: RHB Arturo Annunziato 0-0: Called Strike
0-1: Fly out, F8 (Flyball, 8LS)
Top of the 9th over - 0 runs, 2 hits, 0 errors, 2 left on base; Athletic Club KC Academy 6 - Westwood 1
BOTTOM OF THE 9TH
Westwood Sixshooters batting - Pitching for Athletic Club KC Academy : RHP Bruce Holloman
Batting: RHB Steve Bock 0-0: Ball
1-0: DOUBLE (Groundball, 5L)
Batting: LHB José Martínez 0-0: Foul Ball, location: 2F
0-1: SINGLE (Groundball, 34D)
Steve Bock to third
Batting: SHB Manny Flores 0-0: Ball
1-0: Swinging Strike
1-1: Ball
2-1: Ball
3-1: Called Strike
3-2: SINGLE (Groundball, 3D)
Steve Bock scores
José Martínez to second
Pitching: RHP Byron Rosebotham
Batting: RHB Nick Hoskins 0-0: Ball
1-0: Ball
2-0: Called Strike
2-1: Fly out, F8 (Flyball, 8RS)
Batting: RHB Jesús Ruano 0-0: Called Strike
0-1: Swinging Strike
0-2: Strikes out swinging
Batting: LHB Bob Daugherty 0-0: Ball
1-0: Fly out, F8 (Flyball, 8LM)
Bottom of the 9th over - 1 run, 3 hits, 0 errors, 2 left on base; Athletic Club KC Academy 6 - Westwood 2
Tuesday, December 19th, 2017 - OOTP Baseball 18.8 Build 76